 Seeded DCSS version 0.30-a0-170-g85af917532 (webtiles) character file.

Game seed: 18309050433683570984 (custom seed)

122 gzilladon the Grave Robber (level 4, 0/32 HPs)
             Began as a Mummy Necromancer on Sept 30, 2022.
             Was an Initiate of Yredelemnul.
             Slain by Menkaure (4 damage)
             ... on level 4 of the Dungeon.
             The game lasted 00:17:15 (4306 turns).

gzilladon the Grave Robber (Mummy Necromancer)      Turns: 4306, Time: 00:17:15

Health: 0/32       AC: 11    Str: 11    XL:     4   Next: 78%
Magic:  8/8        EV:  9    Int: 16    God:    Yredelemnul [......]
Gold:   169        SH:  0    Dex: 12    Spells: 5/9 levels left

rFire   x . .      SeeInvis .    f - +3 dagger
rCold   + . .      Faith    +    (no shield)
rNeg    + + +      Spirit   .    h - +1 chain mail {Will+}
rPois   ∞          Reflect  .    (no helmet)
rElec   .          Harm     .    (no cloak)
rCorr   .          Rampage  .    p - +1 pair of gloves
Will    +....                    (no boots)
Stlth   ..........               (no amulet)
HPRegen 0.10/turn                m - +4 ring of evasion
MPRegen 0.11/turn                (no ring)

@: no status effects
A: cold resistance 1, negative energy resistance 3, torment resistance 2, heat
vulnerability 1, in touch with death 1, no potions, faith
a: Renounce Religion, Recall Undead Harvest


You were on level 4 of the Dungeon.
You worshipped Yredelemnul.
Yredelemnul was noncommittal.
You visited 1 branch of the dungeon, and saw 4 of its levels.

You collected 169 gold pieces.

Inventory:

Hand Weapons
 b - a +0 club
 e - a +0 dagger
 f - a +3 dagger (weapon)
Missiles
 i - 29 stones
 q - 6 poisoned darts
Armour
 a - a +0 robe
 c - a +2 scale mail of poison resistance
 h - a +1 chain mail of willpower (worn)
 p - a +1 pair of gloves (worn)
Jewellery
 g - a ring of willpower
 m - a +4 ring of evasion (left hand)
 n - a ring of protection from fire
Scrolls
 d - 4 scrolls of magic mapping {unknown}
 j - a scroll of acquirement {unknown}
 k - a scroll of noise {unknown}
 l - a scroll of identify {unknown}
 o - a scroll of fear {unknown}


   Skills:
 + Level 1.1 Fighting
 + Level 0.5 Short Blades
 + Level 1.7 Armour
 + Level 1.6 Dodging
 + Level 1.5 Stealth
 * Level 3.0 Spellcasting
 * Level 4.9 Necromancy
 * Level 0.8 Invocations


You had 5 spell levels left.
You knew the following spells:

 Your Spells              Type           Power      Damage    Failure   Level
a - Necrotise             Necr           100%       1d9       78%         1
b - Vampiric Draining     Necr           27%        2d7       98%         3

Your spell library contained the following spells:

 Spells                   Type           Power      Damage    Failure   Level
 Shock                    Conj/Air       8%         1d3       100%        1
 Ensorcelled Hibernation  Hex/Ice        4%         N/A       100%        2
 Passwall                 Tmut/Erth      1%         N/A       100%        2
 Swiftness                Air            2%         N/A       100%        3
 Airstrike                Air            1%         2d(1-17)  100%        4
 Agony                    Necr           27%        N/A       100%        5
 Animate Dead             Necr           Unusable   N/A       N/A         4

Dungeon Overview and Level Annotations

Branches:
Dungeon (4/15)
 Temple: D:4-7

Altars:
Yredelemnul

Annotations:
D:4 Menkaure


Innate Abilities, Weirdness & Mutations

You are immune to poison.
Your flesh is cold resistant. (rC+)
You are immune to negative energy. (rN+++)
You are immune to unholy pain and torment.
You are vulnerable to heat. (rF-)
You are in touch with the powers of death.
You do not drink.
You have a special connection with the divine. (Faith)


Message History

Your adder zombie bites Menkaure but does no damage.
Casting: Necrotise (safe; 78% risk of failure)
Confirm with . or Enter, or press ? or * to list all spells.
You can't see any susceptible monsters within range! (Use Z to cast anyway.)
Casting: Necrotise (safe; 78% risk of failure)
Confirm with . or Enter, or press ? or * to list all spells.
Okay, then.
Your hobgoblin zombie hits Menkaure.
Your adder zombie bites Menkaure but does no damage.
Menkaure hits your adder zombie.
Your adder zombie bites Menkaure but does no damage.
Your hobgoblin zombie barely misses Menkaure.
Menkaure hits your adder zombie!
Your adder zombie is destroyed!
Your hobgoblin zombie hits Menkaure.
Menkaure murmurs, "It doesn't hurt if you pull your brain out of your nose yourself."
Menkaure hits you.
Your hobgoblin zombie hits Menkaure.
Found 14 gold pieces.
Menkaure completely misses you.
Your hobgoblin zombie barely misses Menkaure.
You see here 14 gold pieces.
Menkaure casts a spell.
Menkaure seems to speed up.
There is a stone staircase leading up here.
Menkaure attacks as you move away! Menkaure barely misses you.
You see here 14 gold pieces.
Menkaure attacks as you move away! Menkaure hits you!
* * * LOW HITPOINT WARNING * * *
Menkaure barely misses you. Menkaure attacks as you move away!
Menkaure closely misses you.
Your hobgoblin zombie hits Menkaure.
Menkaure attacks as you move away! Menkaure completely misses you.
There is a stone staircase leading up here.
Menkaure hits you but does no damage.
You hit Menkaure.
Menkaure is heavily damaged.
Menkaure hits you.
You die...
Yredelemnul claims you as an undead slave.

.#.#.# . ..# #.#.#
##### #.# #.#.###...#
#.# #.........# #.#
###$###...# #.# #.#
##Z## ###.## ##.##
#M# ...<#
#...###@##########..#
#...................#
#...###.###########.#
##### #.# #.# #.# #.#
#.# #.# #.# #.# #..
#.# ## ### #.# #.


You could see Menkaure (fast, ally target) and a friendly hobgoblin zombie.

Vanquished Creatures
  3 adders
  5 ball pythons
  2 bats (D:1)
  9 endoplasms
  6 giant cockroaches
  8 goblins
  5 hobgoblins
  3 jackals (D:3)
  4 frilled lizards
  8 kobolds
  5 rats
58 creatures vanquished.

Vanquished Creatures (collateral kills)
  3 adders
  An endoplasm (D:1)
  A hobgoblin (D:2)
  A ball python (D:1)
  A frilled lizard (D:2)
  A rat (D:1)
8 creatures vanquished.

Vanquished Creatures (others)
  2 adder zombies (D:4)
  A bat zombie (D:1)
  An endoplasm zombie (D:3)
  A kobold zombie (D:3)
5 creatures vanquished.

Grand Total: 71 creatures vanquished

Notes
Turn   | Place    | Note
-------+----------+-------------------------------------------
     0 | D:1      | gzilladon the Mummy Necromancer began the quest for the
                  | Orb.
     0 | D:1      | Reached XP level 1. HP: 13/13 MP: 4/4
   217 | D:2      | Found a basalt altar of Yredelemnul.
   234 | D:2      | Became a worshipper of Yredelemnul the Dark
   580 | D:1      | Reached XP level 2. HP: 19/19 MP: 5/5
   661 | D:1      | Found a faded altar of an unknown god.
   770 | D:1      | Reached * piety under Yredelemnul
  1140 | D:1      | Reached ** piety under Yredelemnul
  1208 | D:2      | Gained mutation: You are in touch with the powers of death.
                  | [Mummy growth]
  1208 | D:2      | Reached XP level 3. HP: 14/24 MP: 7/7
  1371 | D:2      | Learned a level 3 spell: Vampiric Draining
  1782 | D:2      | Reached skill level 1 in Armour
  2471 | D:3      | Reached XP level 4. HP: 22/31 MP: 8/8
  4249 | D:4      | Noticed Menkaure
  4271 | D:4      | Reached skill level 1 in Fighting
  4306 | D:4      | Slain by Menkaure

Illustrated notes

Levels and vault maps discovered:
D:1:      minmay_arrival_doors, layout_basic,
          shapermc_ecumenical_altar_mp_highgroup
D:2:      layout_basic, basic_altar, bh_walls_and_bars
D:3:      layout_basic, chequers_serial_rivers_large_a,
          kennysheep_generic_room_10
D:4:      layout_loops_ring, serial_shops, nicolae_diamond_shop, uniq_menkaure

Skill      XL: |  1  2  3  4 |
---------------+-------------+-----
Armour         | 1 |  1.7
Spellcasting   | 3 |  3.0
Fighting       | 1 |  1.1
Short Blades   | |  0.5
Dodging        | |  1.6
Stealth        | |  1.5
Necromancy     | |  4.9
Invocations    | |  0.8

Action                   |  1- 3 |  4- 6 || total
-------------------------+-------+-------++-------
Melee: Club              |    22 |       ||    22
       Dagger            |   125 |    69 ||   194
       Punch             |     2 |       ||     2
 Stab: Distracted        |       |     1 ||     1
Armor: Scale mail        |    27 |       ||    27
       Chain mail        |    81 |    33 ||   114
Dodge: Dodged            |    55 |    39 ||    94

Table legend: (Time is in decaauts)
 A = Elapsed time spent in this place.
 B = Non-inter-level travel time spent in this place.
 C = Inter-level travel time spent in this place.
 D = Time resting spent in this place.
 E = Time spent auto-exploring this place.
 F = Levels seen in this place.
 G = Mean time per level.
                   A        B        C        D        E       F      G
               +--------+--------+--------+--------+--------+-----+--------+
         Total |   4464 |   3748 |    716 |    683 |      0 |   4 | 1116.0 |
       Dungeon |   4464 |   3748 |    716 |    683 |      0 |   4 | 1116.0 |
               +--------+--------+--------+--------+--------+-----+--------+

Top non-repeatable levels by time:
     D:3: 1959 daAuts
     D:2: 1503 daAuts
     D:1: 781 daAuts
     D:4: 220 daAuts
